Map: Defender's Landing LE

Players

SouLeer (souL) - Winner!

  • Race: Zerg Zerg
  • Spawn Location: 7:00

WerA

  • Race: Zerg Zerg
  • Spawn Location: 1:00

Event: WCS Valencia 2017

VOD

Have the link to the VOD?

Description

Time

  • Played on: July 13, 2017, 6:27 a.m.
  • Length: 6:47

All games in this series

Show
View Real Time Build Order
Export as new Build Order

SouLeer Zerg - Winner!

Build Orders: Pool First 

Get SALT Encoding   

  12  0:18  Spawning Pool  
  11  0:22  Drone  
  11  0:27  Drone  
  13  0:31  Drone  
  14  0:40  Overlord  
  14  1:04  Queen  
  14  1:05  Zergling x6  
  19  1:17  Zergling x2  
  20  1:28  Zergling x2  
  21  1:35  Hatchery  
  20  1:41  Overlord  
  20  1:55  Queen  
  20  2:00  Drone  
  23  2:03  Drone  
  24  2:14  Drone, Spine Crawler  
  23  2:30  Queen  
  23  2:33  Drone x2  
  25  2:46  Queen  
  25  2:50  Zergling x4  
  27  2:53  Zergling x2  
  28  3:02  Drone x2  
  30  3:06  Drone  
  30  3:08  Drone  
  30  3:10  Drone  
  33  3:15  Drone  
  33  3:17  Drone  
  35  3:22  Overlord  
  35  3:25  Drone  
  36  3:31  Overlord  
  35  3:41  Drone x2  
  35  3:43  Drone x2  
  35  3:45  Drone  
  39  3:52  Spine Crawler  
  39  3:54  Extractor  
  39  3:55  Extractor, Drone  
  37  3:57  Drone  
  37  4:00  Drone  
  39  4:03  Drone  
  39  4:06  Drone x2  
  42  4:13  Drone x3  
  42  4:15  Drone  
  46  4:21  Drone  
  45  4:29  Roach Warren, Drone x2, Extractor  
  45  4:32  Overlord  
  45  4:36  Drone  
  46  4:39  Overlord  
  46  4:43  Overlord  
  45  4:47  Overlord  
  45  5:09  Roach  
  45  5:10  Roach x6  
  45  5:12  Roach  
  63  5:14  Roach  
  63  5:17  Roach  
  63  5:21  Roach  
  67  5:24  Roach  
  67  5:27  Roach  
  71  5:29  Roach  
  71  5:32  Roach  
  75  5:37  Roach x2  
  79  5:45  Roach x2  
  83  5:50  Overlord  
  83  5:57  Overlord x2  
  83  6:06  Ravager  
  83  6:09  Roach  
  83  6:10  Roach x3  
  92  6:16  Ravager  
  92  6:17  Zergling x6  
  96  6:19  Ravager  
  96  6:22  Roach  
  97  6:34  Ravager  
Show
View Real Time Build Order
Export as new Build Order

WerA Zerg 

Build Orders: Hatch First 

Get SALT Encoding   

  12  0:01  Drone  
  13  0:12  Overlord  
  13  0:17  Drone  
  14  0:31  Drone x2  
  14  0:35  Drone  
  17  0:54  Hatchery  
  17  0:56  Drone  
  17  1:10  Spawning Pool  
  16  1:12  Extractor  
  16  1:14  Drone  
  16  1:17  Drone  
  17  1:22  Drone  
  18  1:28  Drone  
  19  1:39  Overlord  
  19  1:57  Queen  
  19  1:58  Zergling x2  
  19  2:00  Zergling x2  
  23  2:06  Zergling x2  
  26  2:13  Metabolic Boost  
  26  2:19  Spine Crawler  
  23  2:27  Zergling x4  
  25  2:32  Queen  
  27  2:38  Zergling x2  
  25  3:04  Hatchery  
  24  3:13  Overlord  
  24  3:26  Overlord  
  24  3:34  Drone x2  
  24  3:35  Drone  
  26  3:44  Drone x3  
  28  3:54  Drone  
  29  4:05  Drone  
  29  4:14  Zergling x2  
  30  4:19  Zergling x4  
  30  4:20  Zergling x4  
  32  4:36  Drone x3  
  32  4:38  Evolution Chamber  
  33  4:52  Lair  
  33  4:53  Extractor, Drone  
  33  4:54  Drone x5  
  38  5:00  Drone x3  
  38  5:02  Overlord  
  41  5:12  Hatchery  
  40  5:17  Roach Warren  
  40  5:20  Drone  
  40  5:30  Drone x3  
  40  5:33  Drone  
  40  5:47  Drone  
  40  5:50  Overlord  
  40  5:57  Roach  
  40  5:58  Roach x3  
  48  6:05  Roach x2  
  48  6:10  Roach  
  54  6:12  Roach  
  54  6:13  Zergling x8  
Tags
 
Add a new tag
Caveats
  • Supply blocks, unpowered buildings, or Contaminate may cause inaccurate times.
  • Supply counts are checked every 10 seconds.